Try, chaotic female vampiric Wizard ------- |.....)# #......|# ################# #|.....|* # #------ #|......%### #|`... #|..<..|### #|.... #-------### #|...- # ### #%# #|...| # # # # #|..h| # ### # ### #|...| | ------- # # # #|..@--.-- ..| |%.....## # ### ##......`.....| |.....| # ####### ##|`.........`| |.....| ####----------- ------------- ------- #-........>| |.........| ----------- Try the Thaumaturge Experience level: 7 Strength: 9 Dexterity: 15 Constitution: 15 Intelligence: 19 Wisdom: 11 Charisma: 8 Health: 50(56) Energy: 104(104) AC: 0 Gold: 168 Moves: 3639 Your Inventory: Coins $ - 168 gold pieces Weapons a - a blessed +1 quarterstaff (weapon in hands) Armor b - an uncursed +0 cloak of magic resistance (being worn) z - a cursed +0 dwarvish mithril-coat (being worn) A - a [blessed] +1 hard hat [dwarvish iron helm] (being worn) Scrolls i - an uncursed scroll of punishment I - a [blessed] scroll of create monster Spellbooks l - a blessed spellbook of force bolt m - a cursed spellbook of identify n - a blessed spellbook of knock r - a cursed spellbook of teleport away K - an [uncursed] spellbook of drain life Potions f - an uncursed potion of confusion g - an uncursed potion of sickness h - a blessed potion of confusion Rings d - an uncursed ring of poison resistance e - an uncursed +1 ring of gain intelligence (on right hand) w - an [uncursed] plastic ring [of searching] (on left hand) E - an [uncursed] obsidian ring [of fire resistance] Wands c - an uncursed wand of slow monster (0:8) F - an [uncursed] cedar wand [of undead turning (0:4)] Gems x - an [uncursed] blue gem [worthless glass] G - an [uncursed] black gem [worthless glass] Spells known in the end: Name Level Category Fail Memory a - force bolt 1 attack 75% [|||||||.] b - identify 3 divination 100% [|||||||.] c - knock 1 matter 75% [|||||||.] d - teleport away 6 escape 100% [|||||||.] e - drain life 2 attack 75% [||||||||] Your skills at the end: Fighting Skills Weapon Skills quarterstaff [Basic / Expert] Spellcasting Skills attack spells [Basic / Expert] enchantment spells [Basic / Skilled] Final Attributes: You were piously aligned. Hunger level was -30. Your alignment was 28 / 28. Monster difficulty range was 1 - 6. Level difficulty was 6. You were immune to level-drain. You were magic-protected. You had automatic searching. You could fly. You could survive without air. You regenerated. You were very unlucky (-6). Anhur was angry with you (3). You are dead. Vanquished creatures: a leprechaun a gnome king a brown pudding 2 dingos a housecat an imp a rock mole a pony a gnomish wizard 2 floating eyes 2 dwarves a kobold lord 2 hill orcs 5 rothes 2 giant bats an orc zombie a wererat 2 iguanas 2 acid blobs 2 manes 2 giant rats 5 cave spiders 2 brown molds a gnome a gnome zombie 3 geckos 3 jackals 2 foxes a kobold a goblin 9 grid bugs a bat 6 lichens 2 kobold zombies 8 newts 79 creatures vanquished. Voluntary challenges: You used a wielded weapon 83 times. You read items or engraved 9 times. You put on armor 12 times. You never genocided any monsters. You never polymorphed an object. You changed form 2 times. You used no wishes. You never wrote Elbereth's name. You never encountered a bones level. You never used any Sokoban shortcuts. Dungeon overview: The Dungeons of Doom: levels 1 to 6 Level 1 a long staircase Level 3 a general store a long staircase Level 6 <- You were here History has recorded: On T:1 you entered the Dungeons of Doom to retrieve the Amulet of Yendor! On T:334 you advanced to experience level 2. On T:637 you reached level 2 of The Dungeons of Doom. On T:741 you advanced to experience level 3. On T:1369 you reached level 3 of The Dungeons of Doom. On T:1610 you advanced to experience level 4. On T:1773 you advanced to experience level 5. On T:2178 you reached level 4 of The Dungeons of Doom. On T:2234 you advanced to experience level 6. On T:2749 you reached level 5 of The Dungeons of Doom. On T:3351 you advanced to experience level 7. On T:3353 you reached level 6 of The Dungeons of Doom. Latest messages: You stop for the bugbear. The bugbear snarls. You faint from lack of food. You regain consciousness. [10 turns] You begin praying to Anhur. You finish your prayer. The voice of Anhur rings out: "Thou hast angered me." You feel a malignant aura surround you. Your spellbook of teleport away glows with a black aura. [3 turns] You faint from lack of food. You regain consciousness. [11 turns] You begin praying to Anhur. You finish your prayer. The voice of Anhur rings out: "Thou hast angered me." Suddenly, a bolt of lightning strikes you! Your silver wand breaks apart and explodes! You fry to a crisp. Final status: Goodbye Try the Wizard... You died in The Dungeons of Doom on dungeon level 6 with 1504 points, and 168 pieces of gold, after 3639 moves. You were level 7 with a maximum of 56 hit points when you died.